 Dungeon Crawl Stone Soup version 0.15-a0-2374-gaadabb3 (webtiles) character file.

8241 Ololoev the Quickloader (level 11, -9/151 HPs)
             Began as a Centaur Hunter on Aug 1, 2014.
             Was an Elder of Okawaru.
             Killed from afar by an electric eel (11 damage)
             ... with a bolt of electricity
             ... on Level 10 of the Dungeon.
             The game lasted 00:40:11 (12843 turns).

Ololoev the Quickloader (Centaur Hunter)           Turns: 12843, Time: 00:40:12

HP  -9/151       AC 12     Str 20      XL: 11   Next:  7%
MP   8/8         EV  7     Int 10      God: Okawaru [****..]
Gold 807         SH  0     Dex 14      Spells:  0 memorised, 10 levels left

rFire  . . .     SeeInvis .     v - +0 short sword (elec)
rCold  . . .     Clarity  .     i - +2 scale mail {rPois}
rNeg   . . .     rCorr    .     (no shield)
rPois  +         rRot     .     w - +1 helmet
rElec  .         Spirit   .     o - +0 cloak
SustAb .         Warding  .     (no gloves)
rMut   .         Stasis   .     (no barding)
Gourm  .                        (no amulet)
MR     .....                    x - +1 ring of strength
                                p - +5 ring of slaying

@: berserking, very quick, not resistant to hostile enchantments, extremely
unstealthy
A: hooves 3, deformed body, speed 2, tough skin 3
a: Heroism, Renounce Religion


You were on level 10 of the Dungeon.
You worshipped Okawaru.
Okawaru was greatly pleased with you.
You were not hungry.

You visited 2 branches of the dungeon, and saw 11 of its levels.
You also visited: Sewer.

You collected 807 gold pieces.

Inventory:

Hand weapons
 b - a +2 hand crossbow
 v - a +0 short sword of electrocution (weapon)
Missiles
 c - 89 bolts
 E - 11 poisoned bolts
 G - 11 bolts of frost
Armour
 i - a +2 scale mail of poison resistance (worn)
 o - a +0 cloak (worn)
 w - a +1 helmet (worn)
Magical devices
 D - a wand of teleportation (2)
Comestibles
 d - 9 fruits
 f - 12 bread rations
 r - 7 beef jerkies
 t - 3 meat rations
Scrolls
 e - 5 scrolls of blinking
 k - 4 scrolls of identify
 l - 10 scrolls of teleportation
 s - 6 scrolls of remove curse
 y - a scroll of amnesia
Jewellery
 p - a +5 ring of slaying (left hand)
 x - a +1 ring of strength (right hand)
 B - an uncursed ring of poison resistance {unknown}
Potions
 a - 3 potions of agility
 g - 2 potions of magic
 h - a potion of haste
 j - 5 potions of curing
 q - 2 potions of brilliance
 u - a potion of heal wounds
 z - a potion of cure mutation
 A - a potion of flight
 C - a potion of restore abilities
 F - a potion of poison {unknown}


   Skills:
 * Level 10.5 Fighting
 - Level 13.0 Crossbows
 + Level 5.3 Armour
 - Level 1.3 Dodging
 - Level 0.5 Stealth


You had 10 spell levels left.
You didn't know any spells.

Dungeon Overview and Level Annotations

Branches:
Dungeon (10/15)            Temple (1/1) D:6            Lair (0/8) D:9
    Orc: D:9-12

Altars:
Ashenzari
Cheibriados
Dithmenos
Elyvilon
Fedhas
Gozag
Kikubaaqudgha
Makhleb
Nemelex Xobeh
Okawaru
Qazlal
Sif Muna
Trog
Vehumet
Xom
Yredelemnul
Zin
The Shining One

Shops:
D:8 (


Innate Abilities, Weirdness & Mutations

You have hooves in place of feet.
Armour fits poorly on your strangely shaped body.
You cover ground very quickly.
You have extremely tough skin (AC +3).


Message History

A red film seems to cover your vision as you go berserk!
You feel yourself moving faster!
You feel mighty!
The centaur shoots an arrow.
The arrow hits you but does no damage.
You are too injured to fight recklessly!
You feel a strong urge to attack something.
The electric eel shoots out a bolt of electricity!
The bolt of electricity hits the centaur.
The bolt of electricity hits you!
* * * LOW HITPOINT WARNING * * *
The bolt of electricity hits you!
* * * LOW HITPOINT WARNING * * *
You see here an arrow.
You slice the centaur!!
You kill the centaur!
Okawaru accepts your kill.
The electric eel shoots out a bolt of electricity!
The bolt of electricity hits you!
* * * LOW HITPOINT WARNING * * *
The bolt of electricity hits you!
You die...

≈≈≈≈≈≈≈≈≈≈≈
#≈≈≈≈≈≈≈≈≈≈#≈
#≈≈≈≈≈≈≈≈#≈≈≈≈≈≈
#≈≈≈≈≈≈#≈≈≈≈≈≈≈≈#
.≈≈≈≈ ≈≈≈≈≈≈≈≈≈# #;;#
≈≈≈≈≈≈≈≈≈#
#.#≈≈≈≈≈≈≈≈≈≈#
#)##≈≈≈≈≈≈≈≈≈
#.@(#≈≈≈≈≈≈≈#######
###.##≈≈≈≈≈≈#......
#...#≈≈≈≈##.≈≈≈≈≈
###.##≈≈#.'.≈≈≈≈≈ #.
#.#####.#.≈≈≈≈≈
##≈≈≈###.#####.#.≈≈≈≈≈
.≈≈≈≈..........#......
≈≈≈≈≈###.#############
≈≈ #.#


You could see 2 electric eels.

Vanquished Creatures
  Pikel (D:6)
  A hill giant (D:7)
  The ghost of Ololoev the Carver, an experienced DsDK of Yredelemnul (D:6)
  2 komodo dragons (D:9)
  A two-headed ogre (D:9)
  A wraith (D:9)
  A deep elf mage (D:9)
  A hungry ghost (D:10)
  2 hippogriffs
  Edmund (D:5)
  A mottled dragon (D:9)
  A water moccasin (D:9)
  An ice beast (D:9)
  2 orc warriors (D:8)
  A sky beast (D:7)
  2 slaves (D:6)
  2 crocodiles (D:9)
  A black bear (D:9)
  6 ogres
  12 centaurs
  Duvessa (D:6)
  3 big kobolds
  4 giant frogs
  A gnoll sergeant (D:8)
  7 scorpions
  5 killer bees (D:9)
  3 electric eels (D:10)
  5 wights (D:7)
  2 crimson imps
  A goliath beetle (D:9)
  A troll skeleton (D:10)
  Dowan (D:6)
  10 hounds
  A giant frog zombie (D:5)
  A jelly (D:9)
  4 orc priests
  2 centaur skeletons
  A giant frog skeleton (D:7)
  6 orc wizards
  4 iguanas
  A gnoll shaman (D:8)
  8 worker ants
  A big kobold zombie (D:5)
  Ijyb (D:6)
  10 adders
  2 gnolls (D:8)
  An orc skeleton (D:10)
  A shadow imp (D:6)
  7 giant mites
  An inept feature mimic (D:3)
  7 worms
  An adder skeleton (D:7)
  6 oozes
  22 orcs
  7 giant cockroaches
  A giant mite zombie (D:5)
  18 goblins
  25 hobgoblins
  7 quokkas
  2 ball pythons
  25 bats
  5 giant geckos
  11 giant newts
  A giant newt skeleton (D:4)
  7 jackals
  29 kobolds
  A kobold skeleton (D:7)
  A kobold zombie (D:5)
  An orc zombie (D:5)
  16 rats
  2 rat skeletons
  A rat zombie (D:7)
  A bush (Temple)
  2 plants (D:8)
336 creatures vanquished.

Vanquished Creatures (others)
  A shadow imp (D:10)
1 creature vanquished.

Grand Total: 337 creatures vanquished

Notes
Turn   | Place    | Note
--------------------------------------------------------------
     0 | D:1      | Ololoev, the Centaur Hunter, began the quest for the Orb.
     0 | D:1      | Reached XP level 1. HP: 16/16 MP: 1/1
   342 | D:1      | Reached XP level 2. HP: 21/23 MP: 2/2
   374 | D:1      | Reached skill level 5 in Crossbows
  1181 | D:2      | HP: 1/23 [adder (2)]
  1185 | D:2      | Reached XP level 3. HP: 20/28 MP: 3/3
  1927 | D:2      | Reached skill level 6 in Crossbows
  2104 | D:2      | Reached XP level 4. HP: 35/35 MP: 3/3
  2734 | D:3      | Found a glowing drain.
  2927 | Sewer    | Entered a sewer
  3138 | Sewer    | Reached XP level 5. HP: 37/40 MP: 4/4
  3140 | Sewer    | Reached skill level 7 in Crossbows
  4628 | D:4      | Reached skill level 8 in Crossbows
  4843 | D:4      | Reached XP level 6. HP: 45/47 MP: 5/5
  5279 | D:5      | Entered Level 5 of the Dungeon
  5454 | D:5      | Reached skill level 9 in Crossbows
  5458 | D:5      | Found a shattered altar of Ashenzari.
  5676 | D:5      | Reached XP level 7. HP: 44/52 MP: 5/5
  5913 | D:5      | Reached skill level 10 in Crossbows
  6452 | D:5      | Reached skill level 11 in Crossbows
  6452 | D:5      | Reached XP level 8. HP: 39/59 MP: 6/6
  6947 | D:6      | Noticed Edmund
  6973 | D:5      | Killed Edmund
  6991 | D:6      | Noticed Ololoev's ghost (experienced DsDK)
  7002 | D:6      | Killed Ololoev's ghost
  7002 | D:6      | Reached skill level 12 in Crossbows
  7263 | D:6      | Noticed Ijyb
  7269 | D:6      | Killed Ijyb
  7270 | D:6      | Noticed Pikel
  7290 | D:6      | Killed Pikel
  7290 | D:6      | Reached skill level 1 in Armour
  7290 | D:6      | Reached XP level 9. HP: 32/70 MP: 7/7
  7616 | D:6      | Found a staircase to the Ecumenical Temple.
  7632 | Temple   | Entered the Ecumenical Temple
  7730 | Temple   | Became a worshipper of Warmaster Okawaru
  7821 | D:6      | Noticed Duvessa
  7821 | D:6      | Noticed Dowan
  7843 | D:6      | Killed Duvessa
  7846 | D:6      | Killed Dowan
  7941 | D:6      | Reached skill level 13 in Crossbows
  8125 | D:7      | Found a bloodstained altar of Trog.
  8187 | D:7      | Reached skill level 5 in Fighting
  8837 | D:7      | Acquired Okawaru's first power
  9160 | D:8      | Noticed a hill giant
  9206 | D:7      | Killed a hill giant
  9206 | D:7      | Reached XP level 10. HP: 46/86 MP: 7/7
  9709 | D:8      | Found Mnairph's Antique Weapon Shop.
 11015 | D:9      | Found a staircase to the Lair.
 11255 | D:9      | Reached skill level 10 in Fighting
 11967 | D:9      | Reached skill level 5 in Armour
 12044 | D:9      | Reached XP level 11. HP: 92/101 MP: 8/8
 12222 | D:10     | Entered Level 10 of the Dungeon
 12591 | D:10     | Received a gift from Okawaru
 12843 | D:10     | HP: 2/151 [electric eel/bolt of electricity (6)]
 12843 | D:10     | Killed from afar by an electric eel

Action                   |  1- 3 |  4- 6 |  7- 9 | 10-12 || total
-------------------------+-------+-------+-------+-------++-------
Melee: Short sword       |   158 |   188 |   201 |   209 ||   756
       War axe           |       |       |    45 |       ||    45
 Fire: Hand crossbow     |     1 |    29 |    65 |    89 ||   184
Invok: Heroism           |       |       |       |     1 ||     1
Evoke: Wand              |       |       |       |     1 ||     1
  Use: Potion            |     1 |     6 |       |     1 ||     8
       Scroll            |       |     9 |     5 |     3 ||    17
  Eat: Chunk             |     3 |     4 |     9 |     6 ||    22
       Meat ration       |       |     1 |       |       ||     1
       Royal jelly       |       |       |     1 |     1 ||     2
       Beef jerky        |       |       |       |     1 ||     1
       Pizza             |       |       |       |     1 ||     1
